Map: Romanticide LE

Players

DPGZest (Zest) - Winner!

  • Race: Protoss Protoss
  • League: Master
  • Spawn Location: 5:00

INnoVation

  • Race: Terran Terran
  • League: Grandmaster
  • Spawn Location: 11:00

Event: StayAtHome Story Cup #3

VOD

Have the link to the VOD?

Description

Time

  • Played on: March 12, 2021, 11:02 a.m.
  • Length: 14:27

All games in this series

Show
View Real Time Build Order
Export as new Build Order

DPGZest Protoss - Winner!

Build Orders: 1 Gate Expand, Blink Stalkers 

Get SALT Encoding   

  12  0:00  Probe  
  13  0:12  Probe  
  14  0:17  Pylon  
  14  0:24  Probe (Chrono Boost)  
  15  0:36  Probe (Chrono Boost), Gateway  
  16  0:44  Probe (Chrono Boost)  
  16  0:46  Assimilator  
  17  0:51  Probe  
  18  1:03  Probe  
  19  1:15  Probe  
  20  1:23  Cybernetics Core  
  20  1:32  Nexus  
  20  1:34  Probe  
  21  1:41  Pylon  
  21  1:46  Probe  
  22  1:50  Assimilator  
  22  1:56  Adept (Chrono Boost)  
  22  1:59  Probe  
  25  2:02  Warp Gate  
  25  2:11  Probe  
  26  2:22  Twilight Council  
  26  2:23  Probe  
  27  2:32  Stalker  
  27  2:35  Probe  
  30  2:42  Gateway  
  30  2:46  Probe  
  30  2:47  Probe  
  30  2:50  Blink (Chrono Boost)  
  32  2:58  Probe  
  33  2:59  Probe  
  34  3:10  Probe  
  34  3:11  Probe  
  36  3:18  Robotics Facility  
  36  3:22  Probe  
  36  3:23  Probe  
  38  3:34  Probe  
  38  3:35  Probe  
  38  3:39  Nexus  
  40  3:43  Pylon  
  40  3:52  Stalker x2  
  40  3:54  Probe  
  41  3:58  Probe  
  41  4:03  Warp Prism (Chrono Boost)  
  41  4:08  Probe  
  44  4:11  Probe  
  45  4:19  Stalker  
  45  4:21  Stalker  
  45  4:22  Probe  
  45  4:23  Probe  
  51  4:28  Pylon  
  51  4:34  Probe  
  51  4:37  Probe  
  51  4:47  Probe (Chrono Boost), Stalker x2  
  51  4:49  Probe (Chrono Boost)  
  57  4:53  Probe (Chrono Boost)  
  57  4:59  Probe (Chrono Boost)  
  60  5:01  Probe (Chrono Boost)  
  60  5:02  Probe (Chrono Boost)  
  60  5:04  Probe (Chrono Boost)  
  60  5:05  Probe (Chrono Boost)  
  62  5:07  Probe (Chrono Boost)  
  62  5:12  Probe (Chrono Boost)  
  65  5:17  Probe (Chrono Boost)  
  65  5:20  Probe (Chrono Boost)  
  67  5:23  Forge  
  67  5:24  Pylon  
  69  5:30  Probe (Chrono Boost)  
  69  5:31  Probe (Chrono Boost)  
  69  5:33  Probe (Chrono Boost)  
  70  5:36  Probe (Chrono Boost)  
  70  5:38  Probe (Chrono Boost), Gateway  
  70  5:39  Probe, Gateway  
  70  5:40  Gateway x2, Charge  
  73  5:44  Pylon  
  73  5:45  Assimilator  
  73  5:46  Probe  
  73  5:49  Probe  
  75  5:50  Templar Archives  
  75  5:51  Probe  
  75  5:53  Assimilator  
  76  6:01  Pylon  
  76  6:04  Gateway  
  76  6:05  Pylon  
  76  6:10  Gateway, Psionic Storm, Assimilator  
  76  6:13  Pylon, Assimilator  
  76  6:14  Gateway x2  
  76  6:15  Pylon  
  76  6:17  Probe x3  
  79  6:29  Probe  
  80  6:35  High Templar x2  
  84  6:43  Pylon  
  84  6:51  Immortal (Chrono Boost)  
  84  6:52  High Templar, Zealot x3  
  96  7:00  Pylon  
  96  7:01  Protoss Ground Weapons Level 1 (Chrono Boost)  
  96  7:04  Zealot x2  
  96  7:07  Zealot, Sentry  
  96  7:08  Zealot x2  
  108  7:10  Probe x3  
  108  7:11  Pylon  
  108  7:14  Zealot x3  
  117  7:16  Pylon  
  117  7:20  Immortal (Chrono Boost)  
  121  7:36  High Templar x2  
  125  7:38  Forge  
  125  7:41  Pylon, Nexus  
  125  7:43  Pylon  
  125  7:48  Probe  
  125  7:49  Probe  
  127  7:52  Observer (Chrono Boost)  
  127  7:57  Robotics Facility  
  128  7:58  Robotics Bay  
  128  8:00  Robotics Facility  
  126  8:10  Zealot x8  
  142  8:15  Protoss Ground Armor Level 1 (Chrono Boost)  
  142  8:20  Observer (Chrono Boost)  
  143  8:39  Pylon  
  143  8:41  Colossus  
  143  8:50  Colossus x2  
  143  8:51  Extended Thermal Lance (Chrono Boost)  
  161  8:58  Gateway  
  161  8:59  Gateway, Protoss Ground Weapons Level 2 (Chrono Boost)  
  161  9:09  Probe  
  163  9:10  Probe x3  
  163  9:12  Assimilator  
  163  9:14  Assimilator  
  165  9:23  Archon  
  165  9:41  Zealot x5, Stalker x5  
  183  9:59  Zealot  
  185  10:00  Zealot  
  185  10:02  Zealot x3  
  185  10:03  Zealot  
  193  10:14  Observer  
  115  10:21  Zealot  
  115  10:22  Zealot x9  
  115  10:26  Stalker  
  137  10:41  Protoss Ground Armor Level 2 (Chrono Boost)  
  137  10:49  Stalker x6  
  149  10:50  Zealot x2, Stalker  
  149  10:51  Zealot, Sentry x2  
  149  10:53  Nexus  
  161  11:02  Disruptor x2 (Chrono Boost)  
  170  11:09  Disruptor (Chrono Boost)  
  166  11:15  Archon  
  136  11:29  Zealot x12  
  160  11:33  Disruptor x2 (Chrono Boost), Pylon  
  160  11:38  Disruptor (Chrono Boost)  
  169  11:42  Probe x4, Gravitic Boosters (Chrono Boost)  
  173  11:49  Dark Shrine  
  173  11:52  High Templar  
  173  11:53  High Templar x3, Zealot x4  
  189  11:58  Archon  
  189  11:59  Archon, Zealot x2  
  193  12:04  Observer  
  193  12:05  Warp Prism  
  174  12:32  Gravitic Drive  
  174  12:36  Observer  
  153  12:43  Stalker x4  
  153  12:44  Zealot x8  
  163  12:54  Probe x4  
  163  12:55  Probe  
  168  13:00  Shadow Stride (Chrono Boost)  
  167  13:07  Zealot x3, Dark Templar x8  
  177  13:28  Observer x3  
  180  13:35  Stalker  
  180  13:36  Stalker x3  
  178  13:51  Stalker x2  
  178  13:52  Zealot x3, Stalker x3  
  181  14:17  Stalker x2  
  181  14:18  Zealot x7, Stalker x3  
Show
View Real Time Build Order
Export as new Build Order

INnoVation Terran 

Build Orders: Reaper Expand 

Get SALT Encoding   

  12  0:00  SCV  
  13  0:12  SCV  
  14  0:17  Supply Depot  
  14  0:24  SCV  
  15  0:38  SCV  
  15  0:40  Barracks  
  16  0:43  Refinery  
  16  0:50  SCV  
  17  1:02  SCV  
  18  1:14  SCV  
  19  1:26  Orbital Command  
  19  1:27  Reaper  
  20  1:45  Command Center  
  20  1:49  Supply Depot  
  20  1:52  SCV  
  21  1:59  Marine  
  22  2:04  SCV  
  22  2:08  Factory  
  23  2:16  SCV  
  23  2:19  Bunker  
  23  2:20  Barracks Reactor  
  24  2:28  SCV  
  25  2:40  SCV  
  26  2:52  Hellion  
  26  2:53  SCV  
  26  2:56  Marine x2  
  26  2:57  Orbital Command  
  31  3:05  SCV  
  32  3:10  Command Center  
  32  3:14  Widow Mine  
  32  3:17  Marine x2  
  37  3:20  SCV  
  37  3:22  SCV  
  38  3:29  Supply Depot  
  38  3:32  SCV  
  39  3:34  SCV  
  39  3:35  Factory Tech Lab, Marine x2  
  39  3:38  Refinery  
  42  3:44  SCV  
  42  3:47  SCV  
  46  3:55  Siege Tank  
  46  3:56  SCV  
  46  3:57  Marine x2  
  46  3:59  SCV  
  46  4:02  Barracks  
  48  4:05  Supply Depot  
  48  4:09  SCV  
  49  4:11  SCV  
  49  4:14  Barracks  
  49  4:15  Marine x2  
  52  4:21  SCV  
  52  4:23  SCV  
  52  4:24  Orbital Command  
  54  4:27  Siege Tank  
  57  4:33  SCV, Marine x2  
  57  4:35  SCV  
  57  4:36  Engineering Bay  
  61  4:44  Refinery  
  61  4:45  Refinery, SCV  
  60  4:47  SCV  
  60  4:50  Barracks Tech Lab  
  60  4:51  Starport, Marine x2  
  63  4:54  SCV  
  63  4:58  SCV  
  63  4:59  SCV  
  66  5:02  Supply Depot  
  66  5:06  Terran Infantry Weapons Level 1  
  66  5:07  Supply Depot  
  66  5:10  SCV x2  
  66  5:11  SCV, Marine x2  
  66  5:12  Factory Reactor  
  66  5:13  Marine  
  72  5:18  Marine  
  71  5:23  SCV x2  
  71  5:24  SCV  
  71  5:26  Supply Depot  
  71  5:27  Combat Shield  
  74  5:35  SCV  
  74  5:36  SCV x2  
  77  5:44  Stimpack  
  77  5:47  Barracks  
  77  5:48  SCV x3  
  77  5:49  Barracks  
  80  5:50  Marine x2  
  80  5:52  Medivac  
  80  5:54  Medivac  
  80  5:56  Factory Tech Lab  
  86  6:00  Marauder  
  86  6:01  Marauder  
  86  6:02  Missile Turret  
  90  6:05  SCV x2  
  90  6:09  Supply Depot  
  90  6:10  Marine x2  
  94  6:12  Missile Turret  
  94  6:16  Supply Depot  
  94  6:19  SCV x2  
  94  6:22  Medivac  
  94  6:24  Marauder  
  100  6:26  Orbital Command, Marauder  
  100  6:30  Siege Tank, Marine x2, Medivac, Supply Depot  
  100  6:31  SCV  
  109  6:37  SCV  
  110  6:43  Barracks Tech Lab  
  110  6:44  Barracks Reactor  
  110  6:45  SCV  
  111  6:48  Missile Turret  
  111  6:49  SCV  
  111  6:52  SCV  
  112  6:56  Marauder x2, Marine x2  
  112  6:57  SCV  
  119  7:01  SCV  
  119  7:02  Supply Depot  
  119  7:03  Siege Tank, Supply Depot  
  119  7:05  Missile Turret  
  119  7:06  Terran Infantry Armor Level 1  
  123  7:08  Concussive Shells  
  123  7:09  SCV x2  
  123  7:14  Refinery  
  125  7:15  Refinery  
  125  7:24  SCV, Viking x2  
  125  7:28  SCV x2  
  125  7:29  Supply Depot  
  132  7:30  Missile Turret  
  132  7:32  Supply Depot  
  132  7:35  Marauder  
  132  7:36  SCV, Marauder x2  
  139  7:41  SCV x2  
  141  7:46  Ghost Academy  
  145  7:51  SCV, Siege Tank  
  145  7:54  Supply Depot  
  145  7:55  Medivac x2  
  145  7:56  Supply Depot  
  148  8:03  SCV  
  148  8:04  SCV x2  
  141  8:05  Command Center  
  141  8:16  SCV x3  
  141  8:19  Armory  
  144  8:20  Engineering Bay  
  147  8:27  Ghost x3  
  147  8:28  SCV x3  
  153  8:35  Enhanced Shockwaves  
  153  8:37  Missile Turret  
  153  8:40  SCV x3  
  153  8:41  Missile Turret  
  156  8:43  Missile Turret  
  156  8:45  Marine x2  
  156  8:46  Marine x2  
  160  8:53  Sensor Tower  
  160  8:58  SCV  
  160  8:59  SCV x2  
  160  9:02  Bunker, Missile Turret  
  163  9:04  Ghost x3  
  163  9:06  Marine x4  
  173  9:13  Supply Depot  
  173  9:14  Supply Depot  
  173  9:15  Supply Depot  
  173  9:16  Terran Infantry Weapons Level 2  
  169  9:26  Marine x4  
  169  9:28  SCV x3  
  176  9:35  Terran Infantry Armor Level 2  
  176  9:36  Terran Ship Weapons Level 1  
  176  9:43  Missile Turret x2  
  176  9:44  Marauder x3, Sensor Tower  
  182  9:50  Marine x2  
  182  9:51  Marine x2  
  182  9:52  SCV x2, Planetary Fortress  
  188  10:03  Refinery x2  
  188  10:06  Siege Tank  
  169  10:15  Marauder  
  169  10:16  Marauder  
  169  10:18  Marine x3  
  169  10:19  Marine  
  158  10:22  SCV x3  
  161  10:28  Bunker  
  161  10:33  Marauder  
  161  10:35  Barracks  
  163  10:36  Barracks x2  
  163  10:37  Marauder x2  
  163  10:42  Marine x4  
  174  10:43  Sensor Tower  
  174  10:48  Liberator, Fusion Core  
  174  10:50  Liberator  
  174  10:51  Factory Reactor  
  174  10:52  Starport  
  177  11:01  Command Center  
  168  11:16  SCV x3  
  168  11:17  Ghost x2  
  168  11:18  Marauder, Marine x3  
  170  11:23  Refinery  
  168  11:28  SCV x3  
  168  11:32  Liberator  
  174  11:33  Liberator  
  174  11:36  Bunker  
  174  11:38  Ghost  
  174  11:39  Sensor Tower  
  179  11:42  Advanced Ballistics  
  179  11:43  Terran Ship Weapons Level 2  
  179  11:49  Supply Depot  
  179  11:51  Supply Depot  
  179  11:55  Marine x4  
  179  11:57  Barracks Tech Lab x2  
  179  11:59  Barracks Reactor  
  183  12:03  Marauder x2  
  183  12:07  Missile Turret  
  187  12:11  Marauder  
  173  12:25  Marauder x4, Marine x4  
  172  12:36  Liberator x2  
  169  12:37  Marauder  
  169  12:41  SCV, Marine x2  
  169  12:42  SCV  
  168  12:44  SCV  
  168  12:46  Marauder x4  
  168  12:48  Liberator  
  180  12:56  Bunker  
  180  12:58  Liberator  
  183  13:00  Marauder, Marine  
  183  13:01  Marine  
  187  13:07  Marauder, Sensor Tower  
  187  13:08  Marauder  
  177  13:24  Ghost x2  
  177  13:25  Marauder, Marine x5  
  177  13:26  Liberator, Marine  
  178  13:29  Marauder x2  
  182  13:38  Command Center  
  181  13:43  Liberator  
  181  13:44  Liberator  
  183  13:54  Refinery  
  181  13:58  Marauder x2  
  181  13:59  Marauder x2  
  181  14:01  Marine  
  183  14:03  Marine  
  183  14:04  Marine x3  
Tags
 
Add a new tag
Caveats
  • Supply blocks, unpowered buildings, or Contaminate may cause inaccurate times.
  • Supply counts are checked every 10 seconds.